 Dungeon Crawl Stone Soup version 0.17-a0-1575-g9a29ec8 (webtiles) character file.

182 MikeDS the Chucker (level 5, -2/44 (45) HPs)
             Began as a Ghoul Hunter on July 25, 2015.
             Killed from afar by an orc wizard (10 damage)
             ... with a puff of flame
             ... on level 4 of the Dungeon on July 26, 2015.
             The game lasted 00:55:12 (3118 turns).

MikeDS the Chucker (Ghoul Hunter)                   Turns: 3118, Time: 00:55:12

HP:   -2/44 (45)    AC:  6    Str: 17    XL:     5   Next: 61%
MP:   4/4           EV: 10    Int:  6    God:
Gold: 124           SH:  0    Dex:  9    Spells: 0 memorised, 4 levels left

rFire  . . .     SeeInvis .       - Unarmed
rCold  + . .     Clarity  .     g - +0 scale mail
rNeg   + + +     SustAt   .     (no shield)
rPois  ∞         Gourm    .     (no helmet)
rElec  .         Spirit   .     (no cloak)
rCorr  .         Warding  .     (no gloves)
rMut   .         Stasis   .     (no boots)
MR     .....                    (no amulet)
Stlth  ..........               (no ring)
                                (no ring)

@: rotting, not resistant to hostile enchantments, extremely unstealthy
A: rotting body, claws 1, carnivore 3, cold resistance 1, negative energy
resistance 3, slow healing 1, torment resistance, unbreathing
a: no special abilities


You were on level 4 of the Dungeon.
You were not hungry.

You visited 1 branch of the dungeon, and saw 4 of its levels.

You collected 124 gold pieces.

Inventory:

Hand weapons
 c - a +0 short sword
 t - a +4 quarterstaff of speed
Missiles
 x - 7 needles of sleeping
Armour
 d - a +2 pair of gloves
 f - a +0 ring mail
 g - a +0 scale mail (worn)
Magical devices
 v - a wand of fire (11)
Scrolls
 i - 2 scrolls of identify
 o - a scroll of enchant weapon {unknown}
 r - a scroll of fog {unknown}
 u - a scroll of magic mapping {unknown}
Potions
 k - 2 potions of curing
 m - 3 potions of brilliance
 p - a potion of haste {unknown}
 q - a potion of lignification {unknown}
 w - 2 potions of heal wounds {unknown}
Comestibles
 e - 3 meat rations
 h - a royal jelly


   Skills:
 * Level 3.4 Fighting
 + Level 4.5 Throwing
 + Level 1.6 Armour
 + Level 2.0 Dodging
 * Level 2.1 Stealth
 * Level 1.6 Unarmed Combat


You had 4 spell levels left.
You didn't know any spells.

Dungeon Overview and Level Annotations

Branches:
Dungeon (4/15)
 Temple: D:4-7

Altars:
Gozag
Nemelex Xobeh
Trog


Innate Abilities, Weirdness & Mutations

Your body is rotting away.
You thrive on raw meat.
You are immune to poison.
You have sharp fingernails.
You are carnivorous and can eat meat at any time.
Your flesh is cold resistant.
You are immune to negative energy.
You heal slowly when monsters are visible.
You are immune to unholy pain and torment.
You can survive without breathing.


Message History

Deactivating autopickup; reactivate with Ctrl-A.
The orc wizard miscasts a cantrip.
All of the chunks of flesh in your inventory have rotted away.
You hear some strange, mumbled words.
Something tries to affect you, but you resist.
The orc wizard casts a spell.
The orc wizard seems to speed up.
Found a scroll of identify.
You feel your flesh rotting away.
You hear some strange, mumbled words.
A puff of flame appears from out of thin air!
The puff of flame hits you!
* * * LOW HITPOINT WARNING * * *
The orc wizard casts a cantrip, but nothing happens.
You see here a scroll of identify.
The orc wizard gestures at you while chanting.
The magic dart hits something.
A puff of flame appears from out of thin air!
The puff of flame hits you!
You die...

#.# #.# #o# #.#
#.# #o# #o# #.#
#(# #o#
###(#### #.#
#..(...# #?#
#......######.#
#............@#
#..(..........+
#......#.....##
#.#(...+.....
###'######.....
#..............
#..............
#..............
#.........#


You could see an orc wizard and an orc.

Vanquished Creatures
  Jessica (D:2)
  8 adders
  5 worms
  A giant gecko (D:1)
  2 giant cockroaches
  11 hobgoblins
  2 jackals (D:1)
  7 bats
  5 giant newts
  11 goblins
  8 kobolds
  3 quokkas
  12 rats
76 creatures vanquished.

Notes
Turn   | Place    | Note
--------------------------------------------------------------
     0 | D:1      | MikeDS the Ghoul Hunter began the quest for the Orb.
     0 | D:1      | Reached XP level 1. HP: 17/17 MP: 0/0
   350 | D:1      | Reached XP level 2. HP: 24/24 MP: 1/1
  1025 | D:1      | Reached skill level 4 in Throwing
  1076 | D:2      | Noticed Jessica
  1126 | D:1      | Reached XP level 3. HP: 13/28 MP: 2/2
  1251 | D:1      | Upgraded the game from 0.17-a0-1572-g7a1422d to 0.17-a0-1575-g9a29ec8
  1253 | D:1      | Reached skill level 1 in Armour
  1492 | D:2      | Killed Jessica
  1492 | D:2      | Reached skill level 1 in Unarmed Combat
  1492 | D:2      | Reached XP level 4. HP: 37/37 MP: 3/3
  1922 | D:2      | Reached XP level 5. HP: 43/45 MP: 4/4
  2197 | D:3      | Noticed a moth of wrath
  2200 | D:3      | Found a bloodstained altar of Trog.
  2389 | D:3      | Found a sparkling altar of Nemelex Xobeh.
  2389 | D:3      | Found an opulent altar of Gozag.
  2872 | D:4      | Noticed an ogre
  3118 | D:4      | Killed from afar by an orc wizard

Vault maps used:
D:1:      dpeg_arrival_leaves_temple_mockup
D:2:      first_bread, uniq_jessica
D:3:      tgw_trog, grunt_temple_overflow_opulence
D:4:      lemuel_round_altar, grunt_ministairs_10, ashenzari_altar_1

Action                   |  1- 3 |  4- 6 || total
-------------------------+-------+-------++-------
Melee: Unarmed           |    46 |   156 ||   202
Throw: Javelin           |    59 |    51 ||   110
       Throwing net      |     1 |     1 ||     2
  Use: Scroll            |     1 |     4 ||     5
       Potion            |     1 |       ||     1
 Stab: Sleeping          |     1 |       ||     1
  Eat: Chunk             |     9 |     9 ||    18
